Cogmind - Beta 17 @@@ ROGUE MODE // 2026.07.18 @ 23:03:57 Player: Akl Result: Destroyed by G-47 Trooper with Particle Gun Performance ------------- Evolutions (3) 1500 Regions Visited (5) 1000 Robots Destroyed (81) 405 Value Destroyed (1967) 1967 Prototype IDs (2) 40 Alien Tech Used (0) 0 Bonus (0) 0 TOTAL SCORE: 4912 Bonus ------- None Cogmind --------- Core Integrity 0/700 Matter 262/300 Energy 98/100 System Corruption 4% Temperature Cool (9) Movement Core (50) Location -7/Factory Parts ------- > --- POWER (1) -------- (None) > --- PROPULSION (4) --- (None) > --- UTILITY (4) ------ Machine Analyzer Visual Processing Unit Targeting Computer > --- WEAPON (4) ------- (None) > --- INVENTORY (5) ---- Improved Deuterium Engine Weight Redist. System Improved Terrain Scanner Target Analyzer Reaction Control System Peak State ------------ > --- POWER ------------ Light Nuclear Core > --- PROPULSION ------- Improved Titanium Leg VTOL Module VTOL Module > --- UTILITY ---------- Improved Heat Sink Medium Storage Unit Machine Analyzer Visual Processing Unit > --- WEAPON ----------- Cooled Pulse Rifle Heavy Particle Cannon Gauss Rifle Gauss Rifle > --- INVENTORY -------- Light Ion Engine Improved Deuterium Engine Weight Redist. System Trap Scanner Improved Sensor Array Improved Terrain Scanner Targeting Computer Energy Filter Reaction Control System [Rating: 38] Favorites ----------- Power Light Ion Engine Engine Light Ion Engine Power Core Light Nuclear Core Propulsion Carbon-fiber Leg Leg Carbon-fiber Leg Wheel Compact Wheel Flight Unit VTOL Module Utility Improved Heat Sink Device Improved Heat Sink Storage Medium Storage Unit Processor Machine Analyzer Weapon Medium Laser Energy Gun Medium Laser Energy Cannon Heavy Particle Cannon Ballistic Gun Gauss Rifle Launcher Grenade Launcher Build | -11 -10 -9 -9 -8 -7 ------- Run | Yrd Mat Mat Min Mat Fac Slots Evolved 6 | . . 2 . 2 2 Power . | . . . . . . Propulsion 2 | . . 1 . 1 . Utility 2 | . . 1 . . 1 Weapon 2 | . . . . 1 1 Parts Attached 57 | 6 7 6 . 10 28 Power 10 | 2 . . . 2 6 Engine 8 | 2 . . . 1 5 Core 2 | . . . . 1 1 Reactor . | . . . . . . Propulsion 19 | 2 1 4 . 2 10 Treads . | . . . . . . Leg 12 | 2 1 4 . 2 3 Wheel 4 | . . . . . 4 Hover . | . . . . . . Flight 3 | . . . . . 3 Utility 11 | . 4 . . 3 4 Device 6 | . 3 . . 1 2 Storage 2 | . 1 . . 1 . Processor 3 | . . . . 1 2 Hackware . | . . . . . . Protection . | . . . . . . Artifact . | . . . . . . Weapon 17 | 2 2 2 . 3 8 Energy Gun 7 | 2 1 2 . 1 1 Energy Cannon 3 | . . . . . 3 Ballistic Gun 5 | . . . . 1 4 Ballistic Cannon . | . . . . . . Launcher 2 | . 1 . . 1 . Special Weapon . | . . . . . . Impact Weapon . | . . . . . . Slashing Weapon . | . . . . . . Piercing Weapon . | . . . . . . Special Melee Weapon . | . . . . . . Unidentified Prototypes 2 | . . . . . 2 Parts Lost 35 | . 3 1 . 5 26 Power 7 | . 1 . . 2 4 Propulsion 14 | . 1 1 . 1 11 Utility 3 | . . . . 1 2 Weapon 11 | . 1 . . 1 9 Highest Loss Streak 6 | . 3 1 . 3 6 To Critical Strikes . | . . . . . . Average Backups 7 | 2 4 5 6 6 9 Power . | . 1 . . . 1 Propulsion . | . . 1 2 1 . Utility 4 | . . 1 1 1 6 Weapon 1 | . 2 2 3 2 1 Tool/Special . | . . . . . . Unused Backups 10 | . . . . . 10 Power 2 | . . . . . 2 Propulsion . | . . . . . . Utility 8 | . . . . . 8 Weapon . | . . . . . . Tool/Special . | . . . . . . Average Slot Usage (%) 85 | . 84 96 100 94 81 Engine 6 | . 11 10 11 7 4 Leg 19 | . 24 32 33 35 12 Wheel 1 | . . . . . 2 Flight 3 | . . . . . 4 Device 10 | . 11 21 22 12 7 Storage 7 | . 8 11 11 9 6 Processor 9 | . . . . 3 14 Energy Gun 12 | . 25 14 22 17 8 Energy Cannon 4 | . . . . . 7 Ballistic Gun 4 | . . . . 6 6 Launcher 1 | . 2 5 . 1 1 Peak Build Rating 38 | 5 9 18 18 24 38 Average Rating 23 | 3 6 16 18 20 29 On Entrance 11 | . 5 6 18 18 24 Avg Prop Armor Cover (%) 8 | 20 10 6 . 11 6 Naked Turns . | . . . . . . Heaviest Build 38 | 7 11 16 16 22 38 Greatest Support 48 | 10 20 45 45 30 48 Greatest Overweight (x) 5 | 1 1 1 . . 5 Average Overweight (x) . | . . . . . . Largest Inventory Capacity 10 | 5 8 8 8 10 10 Average Capacity 9 | 5 7 8 8 8 9 Most Carried 10 | 4 7 7 6 9 10 Average Carried 7 | 2 4 5 6 6 9 Final Capacity 10 | 5 8 8 8 10 5 Final Carried 9 | 2 7 6 6 9 5 Class Distribution -------------------- 27% | Mutant 26% | Scavenger-Skirmisher 22% | Skirmisher 17% | Scavenger-Mutant 6% | Scavenger-Gunner Dominant Class ---------------- Mutant | -10/Materials Mutant | -9/Materials Mutant | -9/Mines Skirmisher | -8/Materials Scavenger-Skirmisher | -7/Factory Resources | -11 -10 -9 -9 -8 -7 ----------- Run | Yrd Mat Mat Min Mat Fac Matter Collected 1356 | 203 167 193 12 188 593 Remotely . | . . . . . . Salvage Created 2575 | . 331 271 . 598 1375 Parts 140 | . 15 33 . 27 65 Haulers Intercepted 2 | . . . . 1 1 Recyclers Shooed 4 | . 1 . . 1 2 Parts Field Recycled . | . . . . . . Retrieved Matter . | . . . . . . Parts Self-Destructed . | . . . . . . Prevented . | . . . . . . Parts Restored . | . . . . . . Kills | -11 -10 -9 -9 -8 -7 ------- Run | Yrd Mat Mat Min Mat Fac Combat Hostiles Destroyed 53 | . 8 14 . 13 18 Guns 19 | . 5 1 . 3 10 Cannons 5 | . . . . . 5 AOE 26 | . 2 12 . 10 2 Classes Destroyed 13 | . 2 6 . 2 3 Worker 7 | . . 2 . 1 4 Builder 5 | . . 1 . . 4 Tunneler 1 | . . 1 . . . Hauler 2 | . . . . 1 1 Recycler 10 | . 1 . . 2 7 Mechanic 1 | . . . . 1 . Watcher 2 | . . 1 . 1 . Swarmer 21 | . . 11 . 3 7 Grunt 22 | . 8 2 . 8 4 Duelist 1 | . . . . . 1 Sentry 5 | . . 1 . 2 2 Hunter 3 | . . . . . 3 Programmer 1 | . . . . . 1 Best Kill Streak 16 | . 2 9 . 16 8 Combat Bots Only 11 | . 2 8 . 11 6 Max Kills in Single Turn 5 | . 1 5 . 4 2 Gunslinging . | . . . . . . Exploded 4 | . 1 4 . 3 2 Melee . | . . . . . . Uniques/NPCs Destroyed . | . . . . . . Combat | -11 -10 -9 -9 -8 -7 -------- Run | Yrd Mat Mat Min Mat Fac Hostile Shots Fired 483 | . 62 32 2 43 344 Missed 164 | . 21 13 1 9 120 Hits 319 | . 41 19 1 34 224 Melee 2 | . . . 1 . 1 Projectile 317 | . 41 19 . 34 223 Critical Strikes 4 | . . . . 2 2 Damage Taken 3911 | . 471 228 27 523 2662 Core 883 | . 100 38 . 28 717 Absorbed by Shields . | . . . . . . Core Remaining (%) 86 | 100 60 . 90 94 . Volleys Fired 166 | . 31 20 . 21 94 Largest 4 | . 2 2 . 3 4 Hottest 250 | . 80 100 . 136 250 Shots Fired 347 | . 58 32 . 48 209 Gun 281 | . 56 24 . 40 161 Cannon 42 | . . . . . 42 Launcher 24 | . 2 8 . 8 6 Special . | . . . . . . Kinetic 102 | . . . . 10 92 Thermal 221 | . 56 24 . 30 111 Explosive 24 | . 2 8 . 8 6 Electromagnetic . | . . . . . . Robot Hit Streak 14 | . 11 11 . 10 14 Robot Miss Streak 7 | . 2 7 . 3 7 Penetration Max 1 | . . . . . 1 Secondary Targets 2 | . 1 . . 1 . Max Gunslinging Chain 1 | . 1 . . 1 . Shots Hit Robots 207 | . 45 16 . 31 115 Core Hits 133 | . 16 23 . 36 58 Critical Kills 1 | . . . . . 1 Critical Parts Destroyed 1 | . . . . . 1 Critical Strikes 11 | . . 4 . 3 4 Burn 9 | . . 4 . 3 2 Destroy 2 | . . . . . 2 Melee Attacks . | . . . . . . Impact . | . . . . . . Slashing . | . . . . . . Piercing . | . . . . . . Sneak Attacks . | . . . . . . Combat Hostiles . | . . . . . . Follow-up Attacks . | . . . . . . Damage Inflicted 5810 | . 606 803 . 1484 2917 Guns 2955 | . 492 201 . 315 1947 Cannons 635 | . . . . . 635 Explosions 2206 | . 114 602 . 1169 321 Melee . | . . . . . . Ramming 14 | . . . . . 14 Kinetic 1227 | . . . . 48 1179 Thermal 2363 | . 492 201 . 267 1403 Explosive 2206 | . 114 602 . 1169 321 Electromagnetic . | . . . . . . Impact . | . . . . . . Slashing . | . . . . . . Piercing . | . . . . . . Highest Corruption 4 | . . . . . 4 Average Corruption 1 | . . . . . 1 Corruption Purged . | . . . . . . Corruption Blocked . | . . . . . . Effects 8 | . . . . . 8 Message Errors 1 | . . . . . 1 Matter Fused 1 | . . . . . 1 Heat Flow Errors 1 | . . . . . 1 Energy Discharges 4 | . . . . . 4 Data Loss (minor) 1 | . . . . . 1 Overload Shots . | . . . . . . Overflow Damage 123 | . . 27 . 47 49 Projectiles 49 | . . . . . 49 Explosions 74 | . . 27 . 47 . Melee . | . . . . . . Knockbacks . | . . . . . . Impact . | . . . . . . Kinetic . | . . . . . . Secondary . | . . . . . . Self-Inflicted Damage 70 | . . 27 . 8 35 Shots 4 | . . 1 . 1 2 Rammed 7 | . . . . . 7 Targets Rammed 7 | . . . . . 7 Kicked . | . . . . . . Crushed . | . . . . . . Highest Temperature 252 | . 7 4 . 207 252 Average Temperature 51 | . 3 2 . 66 48 Received Heat Transfer 1026 | . 255 87 . 207 477 Siege Activations . | . . . . . . Martial Activations . | . . . . . . Shielding Activations . | . . . . . . Robots Disrupted . | . . . . . . Combat Hostiles . | . . . . . . Robots Corrupted . | . . . . . . Combat Hostiles . | . . . . . . Parts Fried . | . . . . . . Impact Corruptions . | . . . . . . Robots Melted 3 | . 1 1 . . 1 Combat Hostiles 3 | . 1 1 . . 1 Parts Melted 21 | . 6 4 . 5 6 Heat Transferred 5750 | . 1125 888 . 962 2775 Parts Sabotaged . | . . . . . . Parts Stolen . | . . . . . . Parts Stripped . | . . . . . . Power Chain Reactions . | . . . . . . Alert | -11 -10 -9 -9 -8 -7 ------- Run | Yrd Mat Mat Min Mat Fac Maximum Alert Level 1 | . . 1 . 1 1 Low Security (%) 76 | 100 100 23 100 41 84 Level 1 23 | . . 76 . 58 15 Level 2 . | . . . . . . Level 3 . | . . . . . . Level 4 . | . . . . . . Level 5 . | . . . . . . High Security . | . . . . . . Max Security . | . . . . . . Peak Influence 335 | . 85 315 109 335 225 Initial 133 | . . 16 109 30 133 Average 114 | . 48 232 97 191 98 Influence Increases 1785 | . 210 394 . 455 726 Destroy 0b10 Robot/C 1060 | . 160 280 . 260 360 Destroy 0b10 Robot/NC 140 | . 5 25 . 30 80 Destroy Leader 218 | . 30 42 . 54 92 Disable Machine 60 | . . . . 45 15 Destroy Structure 112 | . 15 47 . 36 14 Lose Combat Pursuer 195 | . . . . 30 165 Influence Decreases 1653 | . 170 154 201 239 889 Entered New Map 406 | . . 24 171 49 162 Time Decay 947 | . 140 120 30 140 517 Lost Part 300 | . 30 10 . 50 210 Squads Dispatched 9 | . 2 2 . . 5 Investigation 2 | . 1 1 . . . Extermination 3 | . . . . . 3 Reinforcement 4 | . 1 1 . . 2 Assault . | . . . . . . Garrison . | . . . . . . Intercept . | . . . . . . Searches Triggered . | . . . . . . Construction Impeded 1 | . . . . . 1 Haulers Reinforced 1 | . . . . . 1 Active Scanning Responses . | . . . . . . Cargo Convoy Interrupts . | . . . . . . Stealth | -11 -10 -9 -9 -8 -7 --------- Run | Yrd Mat Mat Min Mat Fac Distress Signals 6 | . 1 1 . 3 1 Communications Jammed . | . . . . . . Distress Signals . | . . . . . . Times Spotted 91 | . 13 19 5 15 39 Peak Tracking Total 6 | . 5 5 5 6 6 Tactical Retreats 13 | . . . 1 1 11 Traps | -11 -10 -9 -9 -8 -7 ------- Run | Yrd Mat Mat Min Mat Fac Traps Triggered 5 | . 2 1 . . 2 Indirectly . | . . . . . . Trap Hack Attempts . | . . . . . . Triggered . | . . . . . . Disarmed . | . . . . . . Reprogrammed . | . . . . . . Reused . | . . . . . . Traps Extracted . | . . . . . . Installed . | . . . . . . Triggered . | . . . . . . Machines | -11 -10 -9 -9 -8 -7 ---------- Run | Yrd Mat Mat Min Mat Fac Machines Disabled 4 | . . . . 3 1 Max in Single Turn 1 | . . . . 1 1 Machines Repaired . | . . . . . . Machines Dismantled . | . . . . . . Machines Sabotaged . | . . . . . . Overloaded Fab Kills . | . . . . . . Hacking | -11 -10 -9 -9 -8 -7 --------- Run | Yrd Mat Mat Min Mat Fac Machines Accessed 3 | . 1 1 . . 1 Terminals 1 | . . . . . 1 Fabricators . | . . . . . . Repair Stations 1 | . . 1 . . . Recycling Units 1 | . 1 . . . . Scanalyzers . | . . . . . . Garrison Access . | . . . . . . Total Hacks 9 | . 2 3 . . 4 Successful 5 | . 2 1 . . 2 Failed 4 | . . 2 . . 2 Catastrophic . | . . . . . . Database Lockouts . | . . . . . . Manual . | . . . . . . Terminals 4 | . . . . . 4 Fabricators . | . . . . . . Repair Stations 3 | . . 3 . . . Recycling Units 2 | . 2 . . . . Scanalyzers . | . . . . . . Garrison Access . | . . . . . . Terminal Hacks 2 | . . . . . 2 Record 2 | . . . . . 2 Fabricator Hacks . | . . . . . . Repair Station Hacks 1 | . . 1 . . . Scan Component 1 | . . 1 . . . Recycling Unit Hacks 2 | . 2 . . . . Report Inventory 1 | . 1 . . . . Retrieve Components 1 | . 1 . . . . Scanalyzer . | . . . . . . Garrison Access Hacks . | . . . . . . Unauthorized Hacks . | . . . . . . Terminals . | . . . . . . Fabricators . | . . . . . . Repair Stations . | . . . . . . Recycling Units . | . . . . . . Scanalyzers . | . . . . . . Garrison Access . | . . . . . . Data Cores Recovered . | . . . . . . Used . | . . . . . . Hacking Detections 2 | . . 1 . . 1 Full Trace Events 1 | . . 1 . . . Feedback Events . | . . . . . . Feedback Blocked . | . . . . . . Robot Schematics Acquired . | . . . . . . Robots Built . | . . . . . . Authchips . | . . . . . . Time . | . . . . . . Total Robot Build Rating . | . . . . . . Part Schematics Acquired . | . . . . . . Parts Built . | . . . . . . Authchips . | . . . . . . Time . | . . . . . . Total Part Build Rating . | . . . . . . Part Studies Acquired . | . . . . . . Parts Repaired . | . . . . . . Time . | . . . . . . Parts Recycled . | . . . . . . Recycled Matter . | . . . . . . Retrieved Matter . | . . . . . . Retrieved Components 5 | . 5 . . . . Parts Scanalyzed . | . . . . . . Part Schematics Acquired . | . . . . . . Parts Damaged . | . . . . . . Bothacking | -11 -10 -9 -9 -8 -7 ------------ Run | Yrd Mat Mat Min Mat Fac Used RIF Installer . | . . . . . . Robots Hacked . | . . . . . . Non-combat . | . . . . . . Combat . | . . . . . . Robot Hacks Applied . | . . . . . . Relay Couplers Released . | . . . . . . Fabnet Peak Effective % . | . . . . . . Robots Rewired . | . . . . . . Allies Hacked . | . . . . . . Hacks Repelled . | . . . . . . Allies | -11 -10 -9 -9 -8 -7 -------- Run | Yrd Mat Mat Min Mat Fac Total Allies . | . . . . . . Largest Group . | . . . . . . Highest-Rated Group . | . . . . . . Highest-Rated Ally . | . . . . . . Total Orders . | . . . . . . Ally Attacks . | . . . . . . Total Damage . | . . . . . . Kills . | . . . . . . Allies Corrupted . | . . . . . . Allies Melted . | . . . . . . Intel | -11 -10 -9 -9 -8 -7 ------- Run | Yrd Mat Mat Min Mat Fac Active Infowar (turns) 2244 | . 14 251 64 311 1604 Optics 1407 | . . . . . 1407 Sensors 521 | . 14 251 64 192 . Machine Analysis 1724 | . . . . 120 1604 Robot Analysis Total . | . . . . . . Derelict Logs Recovered . | . . . . . . Drone Launches . | . . . . . . Drone Recoveries . | . . . . . . Exploration | -11 -10 -9 -9 -8 -7 ------------- Run | Yrd Mat Mat Min Mat Fac Turns Passed 2598 | 45 323 251 64 311 1604 Spaces Moved 1411 | 36 155 141 51 169 859 Core 95 | 33 7 . . . 55 Treads . | . . . . . . Legs 1058 | 3 148 141 51 169 546 Wheels 251 | . . . . . 251 Hover . | . . . . . . Flight 7 | . . . . . 7 Fastest Speed 50 | 50 100 120 120 120 50 Average Speed 133 | 85 122 121 120 120 142 Slowest Speed 365 | 120 190 190 120 120 365 Overloaded Moves . | . . . . . . Propulsion Burnouts . | . . . . . . Robots Hopped . | . . . . . . Potential Cave-ins . | . . . . . . Cave-ins Triggered . | . . . . . . Exploration Rate (%) 17 | 3 24 21 14 20 25 Regions Visited 5 Branch Regions 1 Pre-discovered Areas . | . . . . . . Known Exits Taken . | . . . . . . Unknown Exits Taken 5 | 1 1 1 1 1 . Scrap Searched . | . . . . . . Spaces Dug 1 | . . . . . 1 Terrain Destroyed 132 | . 14 52 . 47 19 Melee . | . . . . . . Projectile 1 | . . . . . 1 AOE 131 | . 14 52 . 47 18 Terrain Rammed . | . . . . . . Walls Destroyed . | . . . . . . Machines Disabled . | . . . . . . Actions | -11 -10 -9 -9 -8 -7 --------- Run | Yrd Mat Mat Min Mat Fac Total 1827 | 51 228 186 54 239 1069 Wait 104 | . 23 7 4 21 49 Move 1406 | 35 154 140 50 168 859 Hop . | . . . . . . Pick Up 46 | 7 9 4 . 14 12 Fast Attach 22 | . 1 1 . . 20 Attach 36 | 7 6 4 . 9 10 Detach 4 | 2 1 . . . 1 Swap 13 | . 3 6 . 2 2 Drop 23 | . . 4 . 4 15 Fire 166 | . 31 20 . 21 94 Melee . | . . . . . . Ram 7 | . . . . . 7 Kick . | . . . . . . Crush . | . . . . . . Escape Stasis . | . . . . . . Rewire . | . . . . . . Trap . | . . . . . . Miscellaneous . | . . . . . . Route ------- -11/Scrapyard -10/Materials -9/Materials -9/Mines -8/Materials -7/Factory History --------- Turn | Location | Event 8 | -11/Scrapyard | Discovered new exit (range 16) 46 | -11/Scrapyard | Entered Materials 272 | -10/Materials | Discovered new exit (range 5) 310 | -10/Materials | Build established: Mutant 344 | -10/Materials | Lost 3 parts (1p1n1w) 369 | -10/Materials | Entered another Materials area 369 | -9/Materials | Evolved 2 slots: Propulsion x1, Utility x1 431 | -9/Materials | Destroyed 8 combat bots 609 | -9/Materials | Discovered new exit (range 10) 620 | -9/Materials | Entered Mines 621 | -9/Mines | Assembled infested the area 626 | -9/Mines | Assisted by a Guerilla fighting off Assembled 637 | -9/Mines | Met a Derelict bent on vengeance 680 | -9/Mines | Discovered new exit (range 4) 684 | -9/Mines | Entered Materials 684 | -8/Materials | Evolved 2 slots: Propulsion x1, Weapon x1 822 | -8/Materials | Lost 3 parts (1p1n1u) 836 | -8/Materials | Destroyed 11 combat bots 895 | -8/Materials | Discovered new exit (range 15) 995 | -8/Materials | Entered Factory 995 | -7/Factory | Evolved 2 slots: Utility x1, Weapon x1 1198 | -7/Factory | Lost 3 parts (2n1u) 1622 | -7/Factory | Build established: Skirmisher 1759 | -7/Factory | Lost 4 parts (1n3w) 2252 | -7/Factory | Lost 6 parts (1p2n3w) 2513 | -7/Factory | Lost 3 parts (1p1u1w) 2519 | -7/Factory | Build established: Scavenger-Mutant 2561 | -7/Factory | Core integrity fell below 50% 2594 | -7/Factory | Core integrity fell below 20% 2599 | -7/Factory | Destroyed by G-47 Trooper with Particle Gun Last Messages --------------- 02516_ U-05 Engineer lays Concrete. 02516_ U-05 Engineer builds a Wall. 02541_ Slammed into K-01 Serf. 02541_ Destabilizing: System corrupted (+2). 02542_ Slammed into K-01 Serf. 02544_ >> Machine Analyzer network decryption results: 02544_ Terminal x1 02545_ K-01 Serf cleans the TF Node. 02548_ Slammed into A-02 Transporter. 02560_ VTOL Module destroyed. 02560_ K-01 Serf cleans the Assembly Bed. 02571_ Com. Wheel destroyed. 02571_ Autogun destroyed. 02573_ Dropped VTOL Module. 02573_ Dropped Med. Storage Unit. 02578_ >> Machine Analyzer network decryption results: 02578_ DSF Access x1 02596_ Slammed into Y-54 Guardian. Map ----- +----------------------------------------------------+ | ?????????????????????????????????????????????????? | | ?????????????????????????????????????????????????? | | ?????????????????????????????????????????????????? | | ?????????????????????????????????????????????????? | | ?????????????????????????????????????????????????? | | ?????????????????????????????????????????????????? | | ?????????????????????????????????????????????????? | | ?????????????????????????????????????????????????? | | ?????????????????????????????????????????????????? | | ?????????????????????????????????????????????????? | | ?????????????????????????????????????????????????? | | ?????????????????????????????????????????????????? | | ?????????????????????#########???????????????????? | | ?????????????????????# #???????????????????? | | ????????????????????? ????????????????????? | | ?????????????????????? ????????????????????? | | ?????????????????????? ????????????????????? | | ?????????????????????? ?????????????????????? | | ?"????????????????????? ?????????????????????? | | ?"T????????????????????a ?????????????????????? | | ???????????????????????# #?????????????????????? | | ???????????????????????# ###################???? | | ???????????????????????# # """"""""""" #???? | | ???????????????????????# # """"T"""" #???? | | ?""""""????????????????# # #???? | | """"""????????????????# @ # """"""""" #???? | | """"""????????????????# Y# #???? | | ?""""""????????????????# + """"""""" #???? | | ??? ????????????????# g # #???? | | ??###+###?????????????##g ###################???? | | ??# ]############### #????????????????????? | | ??# ! g ###??????????????????? | | ??# " !=! ??????????? | | ??# !! #########????????????? | | ??# ############### #????????????????????? | | ??### #######################????????????????????? | | ###?# ## #????????????????????????? | | #?# ## #????????????????????????? | | #?# ## """"""""" #???????????????????###### | | #?# ## #?????########?????# | | #?# ## """"""""" #????? ! #?????# | | #?# ## #??? #?????# | | #?# ## """"""""" #??""" """ #?????# | | #?# ## #??""" """ ####### | | #?# ###############+###??""" """ # # | | #?# #????####????# #?? # # | | ##### # ! #????# ## """ """ # # | | + #????# ## """ """ + + | | ### # ! #????# ## """ """ # # | | #?#+############## ## # # | +----------------------------------------------------+ Best States ------------- Heat Dissipation 49 Energy Generation 18 Energy Capacity 310 Matter Stores 300 Matter Capacity 300 Sight Range 18 Robot Scan Range 14 Terrain Scan Density 10 Evasion (%) 55 Targeting Accuracy 5 Particle Charging 15 Item Schematics ----------------- None Robot Schematics ------------------ None Fabricated ------------ Nothing Repaired ---------- Nothing Studied --------- None Alien Tech Used ----------------- None Achievements -------------- We Love MA Challenges ------------ None Game ------ Seed WeightGreatHarness Manual? 0 Play Time 00:39:01 Cumulative 21.6 hours Start 2026.07.18 @ 22:23:36 End 2026.07.18 @ 23:03:57 Sessions 1 Manual Loads 0 Difficulty Rogue Special Mode None Game No. 37 Rogue 37 Adventurer 0 Explorer 0 Win Type - Total 0 Types 0/0/0/0/0/0/0/0/0/0 Lore% 13 Gallery% 19 Achievement% 16 Wizard Run 0 Options --------- Layout 1 ASCII 0 Keyboard 0 Movement Mouse Keybinds 0 Fullscreen 1 Font 24/Smallcaps Map View 50x35 Zoom Use 0% Tactical HUD 1 Map Filters NONE Filters NONE Steam 1 RUN: 7aacb6f4-4a9f-4941-b429-67a7c44e62ec